PAA
FT. POLK SOUTH THUNDER HAWKS @ RICHLAND RAILS
08/30/2048
 
TOP OF THE 1ST
Ft. Polk South Thunder Hawks batting - Pitching for Richland Rails : LHP Arthur Corrigan
Pitching: LHP Arthur Corrigan
Batting: RHB Pablo Olartecoechea 0-0: Called Strike
0-1: Called Strike
0-2: Foul Ball, location: 2F
0-2: Foul Ball, location: 2F
0-2: Ball
1-2: Foul Ball, location: 2F
1-2: Strikes out looking
Batting: RHB Mike Marcus 0-0: Called Strike
0-1: Ball
1-1: Foul Ball, location: 2F
1-2: Strikes out swinging
Batting: LHB Steve Covington 0-0: Ball
1-0: Called Strike
1-1: Called Strike
1-2: Ball
2-2: Strikes out swinging
Top of the 1st over - 0 runs, 0 hits, 0 errors, 0 left on base; Ft. Polk South 0 - Richland 0
BOTTOM OF THE 1ST
Richland Rails batting - Pitching for Ft. Polk South Thunder Hawks : RHP Mark Brunswick
Pitching: RHP Mark Brunswick
Batting: LHB Juan Martínez 0-0: Ground out 4-3 (Groundball, 4S, EV 70.0 MPH)
Batting: SHB Obiniana Conol 0-0: Called Strike
0-1: Fly out, F9 (Flyball, 9S, EV 85.0 MPH)
Batting: LHB Carlos Díaz 0-0: Ball
1-0: SINGLE (Line Drive, 89S, EV 111.9 MPH)
Batting: LHB Gaballah Murunga 0-0: Called Strike
0-1: Fly out, F8 (Flyball, 8LXD, EV 97.5 MPH)
Bottom of the 1st over - 0 runs, 1 hit, 0 errors, 1 left on base; Ft. Polk South 0 - Richland 0
TOP OF THE 2ND
Ft. Polk South Thunder Hawks batting - Pitching for Richland Rails : LHP Arthur Corrigan
Batting: RHB Orlando Cochón 0-0: Called Strike
0-1: Ground out 6-3 (Groundball, 6MS, EV 66.2 MPH)
Batting: LHB Donald Cannon 0-0: Fly out, F5 (Popup, 5SF, EV 71.9 MPH)
Batting: SHB Héctor García 0-0: Called Strike
0-1: Ball
1-1: Ball
2-1: Ball
3-1: Called Strike
3-2: SINGLE (Groundball, 6MD, EV 103.8 MPH)
Batting: RHB Héctor Coríz 0-0: Called Strike
0-1: Called Strike
0-2: Ball
1-2: Strikes out swinging
Top of the 2nd over - 0 runs, 1 hit, 0 errors, 1 left on base; Ft. Polk South 0 - Richland 0
BOTTOM OF THE 2ND
Richland Rails batting - Pitching for Ft. Polk South Thunder Hawks : RHP Mark Brunswick
Batting: RHB Jesse Hood 0-0: Ball
1-0: Ball
2-0: Foul Ball, location: 2F
2-1: Ball
3-1: Base on Balls
Batting: RHB Mariano Cabral 0-0: SINGLE (Line Drive, 34, EV 95.0 MPH)
Jesse Hood to second
Batting: RHB Vicente Mendoza 0-0: Ball
1-0: Foul Ball, location: 2F
1-1: Ball
2-1: Called Strike
2-2: Ball
3-2: Foul Ball, location: 2F
3-2: Fly out, F7 (Line Drive, 7D, EV 95.6 MPH)
Batting: SHB Terry Washington 0-0: Ball
1-0: Foul Ball, location: 2F
1-1: TRIPLE (Flyball, 89XD, EV 98.1 MPH)
Jesse Hood scores
Mariano Cabral scores
Batting: RHB Jay-man Yu 0-0: Called Strike
0-1: Fly out, F6 (Popup, 6, EV 60.0 MPH)
Batting: LHB Juan Martínez 0-0: Ball
1-0: Fly out, F5 (Popup, 56S, EV 80.0 MPH)
Bottom of the 2nd over - 2 runs, 2 hits, 0 errors, 1 left on base; Ft. Polk South 0 - Richland 2
TOP OF THE 3RD
Ft. Polk South Thunder Hawks batting - Pitching for Richland Rails : LHP Arthur Corrigan
Batting: RHB Jonathan Long 0-0: Ball
1-0: Swinging Strike
1-1: Foul Ball, location: 2F
1-2: Foul Ball, location: 2F
1-2: Strikes out swinging
Batting: RHB Vonne Fajardo 0-0: Foul Ball, location: 2F
0-1: Foul Ball, location: 2F
0-2: Ball
1-2: Ball
2-2: Strikes out swinging
Batting: RHB Pablo Olartecoechea 0-0: Ball
1-0: Called Strike
1-1: Ground out 4-3 (Groundball, 4, EV 103.8 MPH)
Top of the 3rd over - 0 runs, 0 hits, 0 errors, 0 left on base; Ft. Polk South 0 - Richland 2
BOTTOM OF THE 3RD
Richland Rails batting - Pitching for Ft. Polk South Thunder Hawks : RHP Mark Brunswick
Batting: SHB Obiniana Conol 0-0: Ball
1-0: Called Strike
1-1: Ball
2-1: Ground out 1-3 (Groundball, 13, EV 71.9 MPH)
Batting: LHB Carlos Díaz 0-0: Called Strike
0-1: Swinging Strike
0-2: Ball
1-2: Ball
2-2: Foul Ball, location: 2F
2-2: Ball
3-2: Ground out U3 (Groundball, 34, EV 82.5 MPH)
Batting: LHB Gaballah Murunga 0-0: Called Strike
0-1: Ball
1-1: Ball
2-1: Ball
3-1: Called Strike
3-2: Base on Balls
Batting: RHB Jesse Hood 0-0: Ball
1-0: Ball
2-0: Called Strike
2-1: SINGLE (Groundball, 5S, EV 72.5 MPH) (infield hit)
Gaballah Murunga to second
Batting: RHB Mariano Cabral 0-0: Ball
1-0: Ball
2-0: Ball
3-0: Called Strike
3-1: Foul Ball, location: 2F
3-2: SINGLE (Groundball, 5D, EV 108.1 MPH)
Gaballah Murunga to third
Jesse Hood to second
Gaballah Murunga scores
Jesse Hood to third
Batting: RHB Vicente Mendoza 0-0: Ball
1-0: Called Strike
1-1: Foul Ball, location: 2F
1-2: Foul Ball, location: 2F
1-2: Strikes out swinging
Bottom of the 3rd over - 1 run, 2 hits, 0 errors, 2 left on base; Ft. Polk South 0 - Richland 3
TOP OF THE 4TH
Ft. Polk South Thunder Hawks batting - Pitching for Richland Rails : LHP Arthur Corrigan
Batting: RHB Mike Marcus 0-0: Ball
1-0: Ball
2-0: Ball
3-0: Called Strike
3-1: Called Strike
3-2: Strikes out looking
Batting: LHB Steve Covington 0-0: Ball
1-0: Ball
2-0: Swinging Strike
2-1: Called Strike
2-2: Ball
3-2: Base on Balls
Batting: RHB Orlando Cochón 0-0: Fielders Choice at 2nd, 1-4 (Groundball, P, EV 68.8 MPH)
Batting: LHB Donald Cannon 0-0: Called Strike
0-1: Ball
1-1: Foul Ball, location: 2F
1-2: Strikes out looking
Top of the 4th over - 0 runs, 0 hits, 0 errors, 1 left on base; Ft. Polk South 0 - Richland 3
BOTTOM OF THE 4TH
Richland Rails batting - Pitching for Ft. Polk South Thunder Hawks : RHP Mark Brunswick
Batting: SHB Terry Washington 0-0: Foul Ball, location: 2F
0-1: Ball
1-1: Ball
2-1: Called Strike
2-2: Strikes out swinging
Batting: RHB Jay-man Yu 0-0: Called Strike
0-1: Ball
1-1: Called Strike
1-2: Ball
2-2: Ball
3-2: Strikes out swinging
Batting: LHB Juan Martínez 0-0: Called Strike
0-1: Foul Ball, location: 2F
0-2: Strikes out swinging
Bottom of the 4th over - 0 runs, 0 hits, 0 errors, 0 left on base; Ft. Polk South 0 - Richland 3
TOP OF THE 5TH
Ft. Polk South Thunder Hawks batting - Pitching for Richland Rails : LHP Arthur Corrigan
Batting: SHB Héctor García 0-0: Called Strike
0-1: Fly out, F9 (Flyball, 9LM, EV 91.9 MPH)
Batting: RHB Héctor Coríz 0-0: Swinging Strike
0-1: Ball
1-1: Ground out 4-3 (Groundball, 4, EV 88.8 MPH)
Batting: RHB Jonathan Long 0-0: Ball
1-0: Fly out, F7 (Flyball, 7LS, EV 95.0 MPH)
Top of the 5th over - 0 runs, 0 hits, 0 errors, 0 left on base; Ft. Polk South 0 - Richland 3
BOTTOM OF THE 5TH
Richland Rails batting - Pitching for Ft. Polk South Thunder Hawks : RHP Mark Brunswick
Batting: SHB Obiniana Conol 0-0: Called Strike
0-1: Foul Ball, location: 2F
0-2: Foul Ball, location: 2F
0-2: Foul Ball, location: 2F
0-2: Ground out 5-3 (Groundball, 56S, EV 85.6 MPH)
Pitching: RHP Joe Gregg
Batting: LHB Carlos Díaz 0-0: Ball
1-0: Called Strike
1-1: Ball
2-1: Ball
3-1: Ground out 4-3 (Groundball, 4, EV 97.5 MPH)
Batting: LHB Gaballah Murunga 0-0: SOLO HOME RUN (Flyball, 9D, EV 98.8 MPH), Distance : 366 ft
Batting: RHB Jesse Hood 0-0: Foul Ball, location: 2F
0-1: Fly out, F3 (Popup, 34S, EV 76.9 MPH)
Bottom of the 5th over - 1 run, 1 hit, 0 errors, 0 left on base; Ft. Polk South 0 - Richland 4
TOP OF THE 6TH
Ft. Polk South Thunder Hawks batting - Pitching for Richland Rails : LHP Arthur Corrigan
Batting: RHB Vonne Fajardo 0-0: Called Strike
0-1: Ground out 4-3 (Groundball, 4M, EV 100.6 MPH)
Batting: RHB Pablo Olartecoechea 0-0: Called Strike
0-1: Foul Ball, location: 2F
0-2: Strikes out looking
Batting: RHB Mike Marcus 0-0: Ball
1-0: Swinging Strike
1-1: SINGLE (Groundball, 34D, EV 95.0 MPH)
Batting: LHB Steve Covington 0-0: Ball
Mike Marcus steals 2nd base
1-0: Ground out 4-3 (Groundball, 4, EV 101.2 MPH)
Top of the 6th over - 0 runs, 1 hit, 0 errors, 1 left on base; Ft. Polk South 0 - Richland 4
BOTTOM OF THE 6TH
Richland Rails batting - Pitching for Ft. Polk South Thunder Hawks : RHP Joe Gregg
Batting: RHB Mariano Cabral 0-0: Called Strike
0-1: Foul Ball, location: 2F
0-2: Ball
1-2: Ball
2-2: Fly out, F9 (Flyball, 9, EV 93.8 MPH)
Batting: RHB Vicente Mendoza 0-0: Called Strike
0-1: Called Strike
0-2: Strikes out swinging
Batting: SHB Terry Washington 0-0: Ball
1-0: Ball
2-0: Reached on error, E4 (Groundball, 4M, EV 98.1 MPH)
Batting: RHB Jay-man Yu 0-0: Ball
Terry Washington steals 2nd, throwing error, E2
Terry Washington to third
1-0: Ball
2-0: DOUBLE (Groundball, 5L, EV 108.8 MPH)
Terry Washington scores
Batting: LHB Juan Martínez 0-0: Ball
1-0: Called Strike
1-1: Ball
2-1: Ball
3-1: Foul Ball, location: 2F
3-2: Fly out, F7 (Flyball, 7LS, EV 91.2 MPH)
Bottom of the 6th over - 1 run, 1 hit, 2 errors, 1 left on base; Ft. Polk South 0 - Richland 5
TOP OF THE 7TH
Ft. Polk South Thunder Hawks batting - Pitching for Richland Rails : LHP Arthur Corrigan
Batting: RHB Orlando Cochón 0-0: Ball
1-0: SINGLE (Line Drive, 6D, EV 95.6 MPH)
Batting: LHB Donald Cannon 0-0: Ball
1-0: Swinging Strike
1-1: Fly out, F4 (Flyball, 3D, EV 89.4 MPH)
Batting: SHB Héctor García 0-0: Grounds into double play, 5-4-3 (Groundball, 56S, EV 86.9 MPH)
Top of the 7th over - 0 runs, 1 hit, 0 errors, 0 left on base; Ft. Polk South 0 - Richland 5
BOTTOM OF THE 7TH
Richland Rails batting - Pitching for Ft. Polk South Thunder Hawks : RHP Joe Gregg
Batting: SHB Obiniana Conol 0-0: Ball
1-0: Ball
2-0: Swinging Strike
2-1: Called Strike
2-2: Ball
3-2: Strikes out swinging
Batting: LHB Carlos Díaz 0-0: Ball
1-0: Foul Ball, location: 2F
1-1: Ball
2-1: Fly out, F6 (Line Drive, 6, EV 75.6 MPH)
Batting: LHB Gaballah Murunga 0-0: Foul Ball, location: 2F
0-1: Fly out, F8 (Flyball, 78D, EV 82.5 MPH)
Bottom of the 7th over - 0 runs, 0 hits, 0 errors, 0 left on base; Ft. Polk South 0 - Richland 5
TOP OF THE 8TH
Ft. Polk South Thunder Hawks batting - Pitching for Richland Rails : LHP Arthur Corrigan
Batting: RHB Héctor Coríz 0-0: Ball
1-0: Called Strike
1-1: Fly out, F7 (Flyball, 7S, EV 91.9 MPH)
Batting: RHB Jonathan Long 0-0: Ball
1-0: Swinging Strike
1-1: Ball
2-1: Foul Ball, location: 2F
2-2: Ball
3-2: Strikes out looking
Batting: RHB Vonne Fajardo 0-0: Ball
1-0: Ground out 4-3 (Groundball, 4MS, EV 68.8 MPH)
Top of the 8th over - 0 runs, 0 hits, 0 errors, 0 left on base; Ft. Polk South 0 - Richland 5
BOTTOM OF THE 8TH
Richland Rails batting - Pitching for Ft. Polk South Thunder Hawks : RHP Joe Gregg
Batting: RHB Jesse Hood 0-0: Called Strike
0-1: SINGLE (Line Drive, 8LS, EV 99.4 MPH)
Batting: RHB Mariano Cabral 0-0: Grounds into double play, 5-4-3 (Groundball, 56, EV 107.5 MPH)
Batting: RHB Vicente Mendoza 0-0: Fly out, F8 (Flyball, 8LD, EV 95.0 MPH)
Bottom of the 8th over - 0 runs, 1 hit, 0 errors, 0 left on base; Ft. Polk South 0 - Richland 5
TOP OF THE 9TH
Ft. Polk South Thunder Hawks batting - Pitching for Richland Rails : LHP Arthur Corrigan
Batting: RHB Pablo Olartecoechea 0-0: Ball
1-0: Ball
2-0: Foul Ball, location: 2F
2-1: DOUBLE (Groundball, 5L, EV 105.6 MPH)
Batting: RHB Mike Marcus 0-0: Called Strike
0-1: Ground out 1-3 (Groundball, 13, EV 63.1 MPH)
Pablo Olartecoechea to third
Batting: LHB Steve Covington 0-0: Foul Ball, location: 2F
0-1: Ball
1-1: Ball
2-1: Swinging Strike
2-2: SINGLE (Flyball, 4D, EV 85.6 MPH)
Pablo Olartecoechea scores
Pitching: RHP Juan Trujillo
Batting: RHB Orlando Cochón 0-0: Called Strike
0-1: Fielders Choice at 2nd, 5-4 (Groundball, 56, EV 106.2 MPH)
Batting: LHB Donald Cannon 0-0: Ball
1-0: Swinging Strike
1-1: Ball
2-1: Foul Ball, location: 2F
2-2: SINGLE (Flyball, 4D, EV 91.9 MPH)
Orlando Cochón to second
Pitching: RHP Robinson Espinoza
Batting: SHB Héctor García 0-0: Called Strike
0-1: Called Strike
0-2: Fly out, F9 (Line Drive, 9, EV 91.2 MPH)
Top of the 9th over - 1 run, 3 hits, 0 errors, 2 left on base; Ft. Polk South 1 - Richland 5
Monday, October 31st , 2022 - OOTP Baseball 22.12 Build 89